 Dungeon Crawl Stone Soup version 0.28.0-53-g5a82cb258f (webtiles) character file.

Game seed: 903445500886710065

5106 warriortoast the Thaumaturge (level 10, -12/50 HPs)
             Began as a Deep Elf Fire Elementalist on June 18, 2022.
             Was a Believer of Sif Muna.
             Killed from afar by Erolcha (33 damage)
             ... with a fireball
             ... on level 9 of the Dungeon on July 16, 2022.
             The game lasted 00:44:30 (13784 turns).

warriortoast the Thaumaturge (DEFE)                Turns: 13784, Time: 00:44:30

Health: -12/50     AC:  9    Str:  5    XL:     10   Next: 32%
Magic:  15/28      EV: 13    Int: 25    God:    Sif Muna [**....]
Gold:   377        SH:  0    Dex: 18    Spells: 14/34 levels left

rFire   . . .      SeeInvis .   p - +3 whip (elec)
rCold   . . .      Faith    .   (no shield)
rNeg    . . .      Spirit   .   a - +0 robe
rPois   .          Reflect  .   (no helmet)
rElec   .          Harm     .   k - +0 cloak
rCorr   .          Rampage  .   b - +4 pair of gloves of Hide-and-Seek {Dex+3}
Will    +....                   E - +0 pair of boots
Stlth   ++........              (no amulet)
HPRegen 0.16/turn               (no ring)
MPRegen 0.21/turn               (no ring)

@: no status effects
A: no striking features
a: Renounce Religion, Channel Magic


You were on level 9 of the Dungeon.
You worshipped Sif Muna.
Sif Muna was pleased with you.
You visited 2 branches of the dungeon, and saw 10 of its levels.
You also visited: Ossuary.

You collected 377 gold pieces.

Inventory:

Hand Weapons
 e - a +0 short sword of speed
 p - a +3 whip of electrocution (weapon)
 G - a +3 scimitar of flaming
Armour
 a - a +0 robe (worn)
 b - the +4 pair of gloves of Hide-and-Seek (worn) {Dex+3}
   (You acquired it on level 6 of the Dungeon)

   Dex:       It affects your dexterity (+3).
 k - a +0 cloak (worn)
 x - a +2 kite shield
 E - a +0 pair of boots (worn)
Jewellery
 h - a ring of protection from fire
 l - a +6 ring of dexterity
 y - a +6 ring of dexterity
Wands
 u - a wand of charming (12)
 A - a wand of mindburst (14)
Scrolls
 f - 3 scrolls of enchant weapon
 q - a scroll of amnesia
 r - 2 scrolls of identify
 s - 4 scrolls of fog
 B - a scroll of enchant armour {unknown}
 C - 2 scrolls of noise {unknown}
 D - a scroll of brand weapon {unknown}
 F - a scroll of acquirement
Potions
 c - 9 potions of curing
 d - 2 potions of cancellation
 g - 2 potions of heal wounds
 i - 2 potions of attraction {unknown}
 j - a potion of berserk rage {unknown}
 m - 2 potions of resistance {unknown}
 o - a potion of ambrosia {unknown}
 t - 3 potions of flight {unknown}
 v - a potion of haste {unknown}
 w - 4 potions of lignification
 z - 2 potions of mutation {unknown}


   Skills:
 - Level 2.4 Dodging
 - Level 2.4 Stealth
 + Level 12.7 Spellcasting
 + Level 5.5 Conjurations
 + Level 2.6 Translocations
 + Level 9.9 Fire Magic
 - Level 6.1 Air Magic


You had 14 spell levels left.
You knew the following spells:

 Your Spells              Type           Power      Damage    Failure   Level
a - Foxfire               Conj/Fire      100%       2x1d9     1%          1
b - Scorch                Fire           100%       2d10      1%          2
c - Conjure Flame         Conj/Fire      53%        6-21      1%          3
d - Blink                 Tloc           56%        N/A       1%          2
e - Swiftness             Air            46%        N/A       1%          3
f - Shock                 Conj/Air       100%       1d9       1%          1
g - Flame Wave            Conj/Fire      53%        2d11      1%          4
h - Airstrike             Air            23%        N/A       3%          4

Your spell library contained the following spells:

 Spells                   Type           Power      Damage    Failure   Level
 Inner Flame              Hex/Fire       40%        N/A       1%          3
 Lesser Beckoning         Tloc           28%        N/A       3%          3
 Summon Guardian Golem    Hex/Summ       15%        N/A       11%         3
 Manifold Assault         Tloc           28%        N/A       34%         5
 Orb of Destruction       Conj           21%        9d8       97%         7
 Spellforged Servitor     Conj/Summ      14%        N/A       100%        7


Dungeon Overview and Level Annotations

Branches:
Dungeon (9/15)             Temple (1/1) D:4            Lair (0/6) D:9
    Orc (0/2) D:9         Ossuary (visited)

Altars:
Cheibriados
Dithmenos
Elyvilon
Fedhas
Gozag
Hepliaklqana
Kikubaaqudgha
Makhleb
Nemelex Xobeh
Okawaru
Qazlal
Ru
Sif Muna
Trog
Uskayaw
Vehumet
Wu Jian
Xom
Yredelemnul
Zin
The Shining One

Annotations:
D:9 6 runed translucent doors, Erolcha


Message History

There is an open door here.
Erolcha the Cunning comes into view.
She is wielding a +0 giant spiked club.
Found a +0 club.
Casting: Scorch (safe; 1% risk of failure)
Confirm with . or Enter, or press ? or * to list all spells.
Aiming: Airstrike (dangerous; 3% risk of failure)
Press: ? - help, Dir - move target, f - Erolcha
Aim: Erolcha, wielding a +0 giant spiked club and wearing a +0 robe (asleep, empty space bonus: 5/8)
The air twists around and strikes Erolcha!
Erolcha shouts!
Erolcha is moderately wounded.
Unknown command.
Casting: Airstrike (dangerous; 3% risk of failure)
Confirm with . or Enter, or press ? or * to list all spells.
Aiming: Airstrike (dangerous; 3% risk of failure)
Press: ? - help, Dir - move target, f/p - Erolcha
Aim: Erolcha, wielding a +0 giant spiked club and wearing a +0 robe (moderately wounded, empty space bonus: 6/8)
The air twists around and strikes Erolcha!
Erolcha is heavily wounded.
Casting: Airstrike (dangerous; 3% risk of failure)
Confirm with . or Enter, or press ? or * to list all spells.
Aiming: Airstrike (dangerous; 3% risk of failure)
Press: ? - help, Dir - move target, f/p - Erolcha
Aim: Erolcha, wielding a +0 giant spiked club and wearing a +0 robe (heavily wounded, empty space bonus: 7/8)
The air twists around and strikes Erolcha!
Erolcha is severely wounded.
Erolcha gestures wildly while chanting.
Erolcha blinks!
Erolcha casts a spell at you.
The fireball explodes!
The fireball engulfs you!!
Ouch! That really hurt!
Casting: Airstrike (dangerous; 3% risk of failure)
Confirm with . or Enter, or press ? or * to list all spells.
Flames lash Erolcha.
Erolcha is almost dead.
Erolcha's fire resistance burns away.
Erolcha gestures at you while chanting.
The fireball explodes!
The fireball engulfs you!!
Ouch! That really hurt!
You die...

#.<.....# . .#.....###
...#...##...
##'#'#.).###
#....))....#
#.###..).... #.###
#.###.......
#.....#######.......)...
#......@...........##'##
#.##....####.......#....
#.......####.......#....
#.......O..........###..
#......######....#####..
#.)....#....'....#......
#.####.#....#....#......
#. ..###.>#....#..##..
#..#....#...###


You could see Erolcha (combustible).

Vanquished Creatures
  Erica (D:8)
  Joseph (D:8)
  Prince Ribbit (D:8)
  A wyvern (D:8)
  Grum (D:8)
  A steam dragon (D:6)
  4 water moccasins
  2 orc warriors
  A sky beast (D:7)
  A black bear (D:6)
  An ice beast (D:8)
  4 wolves
  A centaur (D:8)
  A phantom (D:6)
  2 kobold brigands
  A bullfrog (D:9)
  Blork the orc (D:6)
  10 scorpions
  A water moccasin skeleton (D:6)
  4 killer bees (D:8)
  A howler monkey (D:6)
  5 centaur zombies
  A bullfrog zombie (D:5)
  2 bullfrog skeletons
  2 human zombies (Ossuary)
  2 hounds
  A jelly (D:5)
  A centaur skeleton (D:2)
  5 orc wizards
  6 scorpion zombies (Ossuary)
  3 killer bee zombies
  A hound zombie (D:5)
  A hound skeleton (D:4)
  3 mummies (Ossuary)
  A howler monkey zombie (D:8)
  5 gnolls (D:5)
  A howler monkey skeleton (D:6)
  6 adders
  2 river rats (D:9)
  A shadow imp (D:6)
  2 white imps
  2 worms (D:2)
  2 dart slugs
  17 orcs
  3 ball pythons (D:2)
  4 endoplasms
  6 giant cockroaches
  8 hobgoblins
  9 quokkas
  6 bats
  4 frilled lizards
  3 gnoll zombies (Ossuary)
  5 goblins
  A goblin zombie (Ossuary)
  23 kobolds
  A kobold zombie (Ossuary)
  An orc zombie (Ossuary)
  11 rats
198 creatures vanquished.

Vanquished Creatures (collateral kills)
  4 foxfires (D:4)
4 creatures vanquished.

Vanquished Creatures (others)
  2 gnolls (D:5)
  819 foxfires
821 creatures vanquished.

Grand Total: 1023 creatures vanquished

Notes
Turn   | Place    | Note
-------+----------+-------------------------------------------
     0 | D:1      | warriortoast the Deep Elf Fire Elementalist began the quest
                  | for the Orb.
     0 | D:1      | Reached XP level 1. HP: 10/10 MP: 6/6
   395 | D:1      | Reached XP level 2. HP: 15/15 MP: 4/8
   940 | D:1      | Reached skill level 4 in Spellcasting
  1128 | D:1      | Reached XP level 3. HP: 19/19 MP: 6/10
  1451 | D:2      | Reached XP level 4. HP: 14/24 MP: 5/12
  2681 | D:3      | Reached skill level 5 in Spellcasting
  2681 | D:3      | Reached XP level 5. HP: 21/28 MP: 9/14
  3318 | D:3      | Found a faded altar of an unknown god.
  3985 | D:4      | Learned a level 2 spell: Scorch
  3989 | D:4      | Learned a level 3 spell: Conjure Flame
  4011 | D:4      | Found a large runed translucent door.
  4012 | D:4      | Found a large runed translucent door.
  4256 | D:4      | Found a staircase to the Ecumenical Temple.
  4443 | D:4      | Found a hazy altar of Hepliaklqana.
  4648 | D:4      | Found a shimmering altar of Xom.
  4657 | D:4      | Found an iron altar of Okawaru.
  4743 | D:5      | Entered Level 5 of the Dungeon
  4829 | D:5      | Found a blossoming altar of Fedhas.
  4851 | D:5      | Learned a level 2 spell: Blink
  4855 | D:5      | Learned a level 3 spell: Swiftness
  5046 | D:5      | Reached XP level 6. HP: 28/32 MP: 3/16
  5214 | D:5      | Reached skill level 1 in Translocations
  5214 | D:5      | Reached skill level 5 in Fire Magic
  5249 | D:5      | Reached skill level 6 in Spellcasting
  5249 | D:5      | Reached skill level 1 in Air Magic
  5532 | D:5      | Found a stormy altar of Qazlal.
  5854 | Temple   | Entered the Ecumenical Temple
  5903 | Temple   | Became a worshipper of Sif Muna the Loreminder
  5979 | D:6      | Identified a scroll of acquirement
  5979 | D:6      | Acquired the +4 pair of gloves of Hide-and-Seek {Dex+3}
  6116 | D:6      | Found a sand-covered staircase.
  6130 | D:6      | Noticed Blork the orc
  6145 | D:6      | Killed Blork the orc
  6146 | D:6      | Reached XP level 7. HP: 36/36 MP: 5/18
  6148 | Ossuary  | Entered an ossuary
  6717 | Ossuary  | Reached skill level 7 in Spellcasting
  7101 | Ossuary  | Reached * piety under Sif Muna
  7132 | Ossuary  | Reached XP level 8. HP: 37/41 MP: 3/21
  7354 | Ossuary  | Reached skill level 8 in Spellcasting
  7635 | D:6      | Reached skill level 5 in Conjurations
  7955 | D:6      | Reached skill level 9 in Spellcasting
  8332 | D:6      | Reached XP level 9. HP: 37/45 MP: 13/24
  8648 | D:6      | Found a burning altar of Makhleb.
  8903 | D:6      | Reached skill level 10 in Spellcasting
  9316 | D:7      | Found a sacrificial altar of Ru.
  9317 | D:7      | Found a sparkling altar of Nemelex Xobeh.
  9993 | D:8      | Noticed Grum
  9993 | D:8      | Noticed Prince Ribbit
 10150 | D:8      | Reached ** piety under Sif Muna
 10267 | D:8      | Noticed Erica
 10273 | D:8      | Killed Erica
 10274 | D:8      | Reached skill level 11 in Spellcasting
 10274 | D:8      | Reached skill level 5 in Air Magic
 10279 | D:8      | Learned a level 1 spell: Shock
 10284 | D:8      | Learned a level 4 spell: Flame Wave
 10289 | D:8      | Learned a level 4 spell: Airstrike
 10354 | D:8      | Killed Prince Ribbit
 10610 | D:8      | Killed Grum
 10828 | D:8      | Reached XP level 10. HP: 26/50 MP: 14/27
 10909 | D:8      | Noticed Joseph
 11044 | D:8      | Killed Joseph
 11045 | D:8      | Reached skill level 12 in Spellcasting
 11422 | D:8      | Found an opulent altar of Gozag.
 11603 | D:8      | Found a bloodstained altar of Trog.
 12115 | D:8      | Found a basalt altar of Yredelemnul.
 12245 | D:9      | Found a runed translucent door.
 12245 | D:9      | Noticed a white ugly thing
 12245 | D:9      | Noticed a centaur warrior
 12248 | D:9      | Found a runed translucent door.
 12248 | D:9      | Found a runed translucent door.
 12248 | D:9      | Noticed a manticore
 12256 | D:9      | Found a runed translucent door.
 12265 | D:9      | Found a glowing golden altar of the Shining One.
 12843 | D:9      | Noticed a two-headed ogre
 12845 | D:9      | Noticed a wolf spider
 12845 | D:9      | Noticed a deep troll
 12846 | D:9      | Found a runed translucent door.
 12846 | D:9      | Found a runed translucent door.
 12907 | D:9      | Noticed a death yak
 12910 | D:9      | Noticed a death yak
 13081 | D:9      | Noticed a death yak
 13671 | D:9      | Found a staircase to the Lair.
 13757 | D:9      | Found a staircase to the Orcish Mines.
 13778 | D:9      | Noticed Erolcha
 13784 | D:9      | Killed from afar by Erolcha

Illustrated notes

Levels and vault maps discovered:
D:1:      minmay_arrival_widening_spiral_wide, layout_basic
D:2:      layout_basic
D:3:      layout_loops_corners, dreamdust_ecumenical_altar_statues
D:4:      layout_basic, nicolae_hepliaklqana_hazy_memory, jmf_multi_god_temple2,
          minmay_temple_entry_from_below_a
D:5:      layout_basic, mainiacjoe_overflow_alcove_1, old_standard_altar,
          lemuel_flamethrower_1
D:6:      layout_loops_ring, mainiacjoe_overflow_24_doors, enter_ossuary_1,
          uniq_blork_the_orc
D:7:      layout_basic, chequers_temple_overflow_statue_of_worship
D:8:      layout_basic, lemuel_round_altar, kennysheep_little_box,
          mainiacjoe_overflow_six_doors_small, uniq_grum, uniq_joseph,
          uniq_erica, uniq_prince_ribbit1
D:9:      minmay_the_grid_four_pointed_star
          [minmay_the_grid_triangle_9x9_fully_insulated_deathbox,
          minmay_the_grid_triangle_9x9_minimal,
          minmay_the_grid_triangle_9x9_tough_junction,
          minmay_the_grid_triangle_9x9_subtriangle,
          minmay_the_grid_prize_inner_circle], layout_stronghold,
          mainiacjoe_overflow_tiny_flanked, dpeg_lair_monsters, eino_jars,
          uniq_erolcha
Temple:   jpeg_temple_island

Skill      XL: |  1  2  3  4  5  6  7  8  9 10 |
---------------+-------------------------------+-----
Spellcasting   | 4 5 6 7 9 11 12 | 12.7
Fire Magic     | 4 5 6 7 9 |  9.9
Conjurations   | 2 3 4 5 |  5.5
Translocations | 1 2 |  2.6
Air Magic      | 1 2 4 5 6 |  6.1
Dodging        | |  2.4
Stealth        | |  2.4

Action                   |  1- 3 |  4- 6 |  7- 9 | 10-12 || total
-------------------------+-------+-------+-------+-------++-------
Melee: Short sword       |     1 |     3 |       |       ||     4
       Whip              |       |     6 |     4 |     1 ||    11
 Cast: Foxfire           |   104 |   204 |   158 |    66 ||   532
       Conjure Flame     |       |     1 |     5 |     3 ||     9
       Scorch            |       |     3 |    92 |    37 ||   132
       Swiftness         |       |       |     4 |     6 ||    10
       Blink             |       |       |     3 |     4 ||     7
       Airstrike         |       |       |     4 |    15 ||    19
       Shock             |       |       |     1 |     7 ||     8
       Flame Wave        |       |       |       |     1 ||     1
  Use: Scroll            |       |     6 |     9 |     4 ||    19
       Potion            |       |       |     2 |     5 ||     7
Armor: Robe              |     3 |     8 |    32 |    18 ||    61
       Skin              |       |       |       |    30 ||    30
Dodge: Dodged            |     6 |    15 |    86 |    43 ||   150
